 Dungeon Crawl Stone Soup version 0.21.0 (webtiles) character file.

76 mortelune the Skirmisher (level 4, -1/35 HPs)
             Began as a Demonspawn Abyssal Knight on Jan 5, 2018.
             Was a Follower of Lugonu.
             Slain by Grinder (6 damage)
             ... on level 3 of the Dungeon.
             The game lasted 00:05:20 (1837 turns).

mortelune the Skirmisher (DsAK)                     Turns: 1837, Time: 00:05:21

Health: -1/35      AC:  8    Str: 13    XL:     4   Next: 12%
Magic:  0/5        EV:  6    Int: 13    God:    Lugonu [*.....]
Gold:   65         SH:  0    Dex: 13    Spells: 3/3 levels left

rFire    . . .     SeeInvis .   a - +1 mace
rCold    + . .     Gourm    .   (no shield)
rNeg     . . .     Faith    .   m - +0 chain mail
rPois    .         Spirit   +   (no helmet)
rElec    .         Reflect  .   (no cloak)
rCorr    .         Harm     .   (no gloves)
MR       .....                  (no boots)
Stlth    ..........             (no amulet)
HPRegen  0.11/turn              d - ring of protection from cold
MPRegen  0.09/turn              (no ring)

@: no status effects
A: talons 1, magic shield
a: Depart the Abyss, Renounce Religion


You were on level 3 of the Dungeon.
You worshipped Lugonu.
Lugonu was aware of your devotion.
You were near starving.

You visited 1 branch of the dungeon, and saw 3 of its levels.
You visited the Abyss 1 time.

You collected 65 gold pieces.

Inventory:

Hand Weapons
 a - a +1 mace (weapon)
Armour
 b - a +0 leather armour
 k - a +0 ring mail
 m - a +0 chain mail (worn)
Jewellery
 d - a ring of protection from cold (left hand)
Scrolls
 e - 2 scrolls of remove curse {unknown}
 h - a scroll of teleportation {unknown}
 i - a scroll of blinking {unknown}
 l - a scroll of noise {unknown}
Potions
 f - a potion of mutation
 g - a potion of magic
 j - a potion of curing
Comestibles
 c - 6 rations


   Skills:
 + Level 3.5 Fighting
 * Level 3.1 Maces & Flails
 + Level 2.4 Armour
 - Level 0.8 Dodging
 - Level 2.4 Invocations


You had 3 spell levels left.
You didn't know any spells.

Dungeon Overview and Level Annotations

Branches:
Dungeon (3/15)

Altars:

Annotations:
D:2 Sigmund
D:3 Grinder


Innate Abilities, Weirdness & Mutations

You have sharp toenails.
When hurt, damage is shared between your health and your magic reserves.


Message History

Grinder is moderately wounded.
Grinder gestures at you.
You suddenly lose the ability to move!
Grinder hits you. Grinder hits you but does no damage. Grinder hits you.
* * * LOW HITPOINT WARNING * * *
You can move again.
You feel better.
You hear the slow rusting of a very distant drain.
Grinder blinks!
Okay, then.
Your chain mail prevents you from hitting Grinder.
You claw Grinder.
Grinder is moderately wounded.
Grinder gestures at you. Pain shoots through your body!
* * * LOW HITPOINT WARNING * * *
Grinder hits you!
You die...

# .# .# #.#####
#. .#..#
#...... #..
.#.# #[.g. #...
...# ##.g.
#....###?.#####
#).g
#..............
.....
#....##)#######
###..l #.. #.#
.... # #@##
#.... #5.##
#.... ##...##
#######..##.##
#....<)..###.##
#.....)..# ##.#
#........###.##
#....$.....###
#........###


You could see Grinder.

Vanquished Creatures
  An orc priest (D:3)
  An adder (D:3)
  An ooze (D:1)
  A dart slug (D:1)
  A ball python (D:1)
  2 giant cockroaches
  7 goblins
  6 hobgoblins
  3 bats
  A frilled lizard (D:1)
  4 kobolds
  2 rats (D:1)
30 creatures vanquished.

Notes
Turn   | Place    | Note
-------+----------+-------------------------------------------
     0 | Abyss:1  | mortelune the Demonspawn Abyssal Knight began the quest for the Orb.
     0 | Abyss:1  | Reached XP level 1. HP: 18/18 MP: 2/2
     0 | D:1      | Escaped the Abyss
   239 | D:1      | Gained mutation: You have sharp toenails. [demonic ancestry]
   239 | D:1      | Reached XP level 2. HP: 10/24 MP: 3/3
   910 | D:1      | Reached * piety under Lugonu
  1286 | D:2      | Gained mutation: When hurt, damage is shared between your health and your magic reserves. [demonic ancestry]
  1286 | D:2      | Reached XP level 3. HP: 29/29 MP: 4/4
  1346 | D:2      | Noticed Sigmund
  1813 | D:3      | Noticed Grinder
  1823 | D:3      | Reached XP level 4. HP: 32/35 MP: 5/5
  1831 | D:3      | Paralysed by Grinder for 4 turns
  1837 | D:3      | Slain by Grinder

Skill      XL: |  1  2  3 |
---------------+----------+-----
Maces & Flails | 2 3 |  3.1
Armour         | 2 |  2.4
Fighting       | |  3.5
Dodging        | |  0.8
Invocations    | |  2.4

Action                   |  1- 3 |  4- 6 || total
-------------------------+-------+-------++-------
Melee: Mace              |    83 |     9 ||    92
       Kick              |     7 |     3 ||    10
Invok: Depart the Abyss  |     1 |       ||     1
  Use: Scroll            |     3 |       ||     3
       Potion            |       |     1 ||     1
  Eat: Chunk             |     1 |       ||     1
Armor: Leather armour    |    13 |       ||    13
       Chain mail        |    30 |     3 ||    33
Dodge: Dodged            |    39 |       ||    39
